 Dungeon Crawl Stone Soup version 0.27.1-1-g398f81649c (webtiles) character file.

Game seed: 11733445970832079401

133 Kold the Slasher (level 5, -5/42 HPs)
             Began as a Barachi Fighter on Sept 16, 2021.
             Slain by an ogre (15 damage)
             ... on level 4 of the Dungeon.
             The game lasted 00:03:06 (3443 turns).

Kold the Slasher (Barachi Fighter)                  Turns: 3443, Time: 00:03:06

Health: -5/42      AC:  7    Str: 17    XL:     5   Next: 16%
Magic:  5/5        EV:  7    Int: 10    God:
Gold:   123        SH:  9    Dex: 11    Spells: 4/4 levels left

rFire    . . .     SeeInvis .   a - +0 long sword
rCold    . . .     Faith    .   c - +0 kite shield
rNeg     . . .     Spirit   .   b - +0 scale mail
rPois    .         Reflect  .   (no helmet)
rElec    .         Harm     .   (no cloak)
rCorr    .         Rampage  .   (no gloves)
Will     .....                  (no boots)
Stlth    ..........             (no amulet)
HPRegen  0.14/turn              (no ring)
MPRegen  0.09/turn              (no ring)

@: slow
A: amphibious, slowness 1, strong legs 1, +LOS
a: Hop


You were on level 4 of the Dungeon.
You visited 1 branch of the dungeon, and saw 4 of its levels.

You collected 123 gold pieces.

Inventory:

Hand Weapons
 a - a +0 long sword (weapon)
 k - a +1 dagger of venom
Armour
 b - a +0 scale mail (worn)
 c - a +0 kite shield (worn)
Scrolls
 f - 3 scrolls of teleportation {unknown}
 g - 4 scrolls of immolation {unknown}
 i - a scroll of brand weapon {unknown}
 j - 2 scrolls of identify {unknown}
Potions
 d - 2 potions of might
 e - 2 potions of resistance {unknown}
 h - a potion of curing {unknown}
 l - 2 potions of invisibility {unknown}
 m - a potion of degeneration {unknown}


   Skills:
 - Level 4.0 Fighting
 * Level 4.7 Long Blades
 - Level 4.0 Armour
 + Level 4.5 Shields


You had 4 spell levels left.
You didn't know any spells.
Your spell library contained the following spells:

 Spells                   Type           Power      Damage    Failure   Level
 Passwall                 Tmut/Erth      0%         N/A       100%        2
 Swiftness                Air            0%         N/A       100%        3
 Invisibility             Hex            0%         N/A       100%        6


Dungeon Overview and Level Annotations

Branches:
Dungeon (4/15)
 Temple: D:4-7

Altars:
Okawaru
Wu Jian


Innate Abilities, Weirdness & Mutations

You are amphibious.
You cover ground slowly.
You can hop short distances.
You have an extended range of vision and can be seen from far away.


Message History

A goblin is nearby!
A goblin is nearby!
You closely miss the goblin. You block the goblin's attack.
You hit the goblin but do no damage. The goblin barely misses you.
You block the goblin's attack.
Your shield prevents you from hitting the goblin.
You block the goblin's attack.
You closely miss the goblin. The goblin barely misses you.
You riposte.
You barely miss the goblin. You miss the goblin.
The goblin hits you but does no damage. You block the goblin's attack.
You barely miss the goblin. The goblin hits you but does no damage.
You slash the goblin!
You kill the goblin!
No target in view!
No target in view!
No target in view!
Things that are here:
a +0 dagger; a goblin corpse
Things that are here:
a +0 dagger; a goblin corpse
There is a stone staircase leading down here.
An ogre comes into view. It is wielding a +0 giant spiked club.
Found 17 gold pieces.
The ogre shouts!
An ogre is nearby!
An ogre is nearby!
An ogre is nearby!
Found 17 sling bullets.
The ogre closely misses you.
You hit the ogre.
The ogre is lightly wounded.
The ogre barely misses you.
You hit the ogre.
The ogre is lightly wounded.
The ogre hits you with a +0 giant spiked club!!
Ouch! That really hurt!
* * * LOW HITPOINT WARNING * * *
The ogre hits you with a +0 giant spiked club!
You die...

.## ..# . ..# . #.# ..
#.# .. #### ###.#### ..
#.... #......####..
#....$######.#.##.......
#.....O@..##.#..........
#(....###......##......)
#.... #...#..).#.##....
#### #......#.#.##....
#..>#......##....
###.#########...† #.#
#.... #.# #####.... ..#
#......#.


You could see an ogre.

Vanquished Creatures
  An iguana (D:2)
  A hound skeleton (D:4)
  An adder (D:3)
  2 worms
  2 dart slugs
  An orc (D:3)
  8 endoplasms
  6 giant cockroaches
  6 goblins
  3 hobgoblins
  4 quokkas
  11 ball pythons
  11 bats
  2 frilled lizards
  9 kobolds
  7 rats
75 creatures vanquished.

Notes
Turn   | Place    | Note
-------+----------+-------------------------------------------
     0 | D:1      | Kold the Barachi Fighter began the quest for the Orb.
     0 | D:1      | Reached XP level 1. HP: 18/18 MP: 1/1
   184 | D:1      | Reached XP level 2. HP: 25/25 MP: 2/2
   607 | D:1      | Reached XP level 3. HP: 24/30 MP: 3/3
  1144 | D:2      | Reached XP level 4. HP: 37/37 MP: 4/4
  1246 | D:2      | Found a faded altar of an unknown god.
  2957 | D:3      | Found an iron altar of Okawaru.
  3048 | D:3      | Found an ornate altar of the Wu Jian Council.
  3300 | D:4      | Reached XP level 5. HP: 37/42 MP: 5/5
  3439 | D:4      | Noticed an ogre
  3443 | D:4      | Slain by an ogre

Illustrated notes

Levels and vault maps discovered:
D:1:      dpeg_arrival_rooms_c, layout_basic, st_stairs_12
D:2:      layout_basic, shapermc_ecumenical_altar_mp_vishouse
D:3:      layout_rooms, pdpol_wu_jian_five_deadly_venoms,
          general_overflow_altar, minmay_misc_feat_ornament,
          minmay_pentomino_pile
D:4:      layout_loops_cross, fedhas_altar_fruit_tree,
          mainiacjoe_overflow_24_doors, old_standard_altar,
          minmay_temple_entry_statues_pillars

Skill      XL: |  1  2  3  4 |
---------------+-------------+-----
Fighting       | 4 |  4.0
Armour         | 4 |  4.0
Long Blades    | 3 4 |  4.7
Shields        | 4 |  4.5

Action                   |  1- 3 |  4- 6 || total
-------------------------+-------+-------++-------
Melee: Long sword        |    84 |   151 ||   235
 Abil: Hop               |     1 |       ||     1
Armor: Scale mail        |    45 |    88 ||   133
Dodge: Dodged            |    32 |    59 ||    91
Block: Kite shield       |    56 |    92 ||   148
       Rpst.: Long sword |    12 |    21 ||    33
